AoeStats
← T İ T A N

Black Forest

505317038Analyzed
4v4 RM · 22d ago on Sep 8, 2026· 55m 50s· 8 players
Game mode
Random Map
Map size
Large (8 player)
Population
200
Speed
Normal
Resources
Standard
Victory
Conquest
Starting age
Dark Age
Ending age
Imperial Age
RankedLock teamsTeams togetherTeam positionsShared explorationLock speedFull tech treeHidden civsTurbo modeCheats
Victory
Defeat
🇸🇪 Turks · Sweden
999
+9
🇨🇿 Ethiopians · Czechia
937
+11
🇪🇸 Romans · Spain
921
+35
🇫🇷 Khmer · France
895
+14
🇹🇷 Khmer · Türkiye
1116
-21
🇹🇷 Poles · Türkiye
791
-10
🇹🇷 Britons · Türkiye
728
-8
🇹🇷 Italians · Türkiye
695
-7
snow_dc-10
0:37 Loom
16:40 Feudal Age
17:11 Horse Collar
17:23 Double-Bit Axe
18:21 Wheelbarrow
17:51 Town Watch
20:11 Gold Mining
20:12 Stone Mining
19:55 Man-at-Arms
23:38 Fletching
23:49 Padded Archer Armor
28:00 Castle Age
26:20 Scale Mail Armor
31:59 Town Patrol
32:16 Hand Cart
32:07 Heavy Plow
32:22 Bow Saw
31:45 Elite Skirmisher
31:48 Crossbowman
32:49 Chain Mail Armor
34:21 Gold Shaft Mining
33:56 Squires
34:04 Pikeman
34:06 Long Swordsman
36:11 Guard Tower
36:32 Fortified Wall
36:43 Ballistics
36:21 Murder Holes
36:50 Leather Archer Armor
40:11 Ballistas
40:57 Coinage
40:30 Caravan
40:56 Masonry
42:12 Forging
42:08 Scale Barding Armor
43:12 Bloodlines
43:04 Husbandry
47:56 Imperial Age
47:42 Chain Barding Armor
49:55 Conscription
51:11 Chemistry
50:44 Architecture
gädda
6:29 Loom
12:22 Feudal Age
13:02 Double-Bit Axe
13:04 Horse Collar
18:58 Castle Age
18:48 Stone Mining
19:01 Gold Mining
31:37 Imperial Age
30:02 Bow Saw
29:54 Heavy Plow
30:39 Wheelbarrow
29:50 Town Watch
30:46 Gold Shaft Mining
31:33 Ballistics
30:56 Treadmill Crane
31:26 Masonry
32:25 Hand Cart
32:10 Town Patrol
32:21 Caravan
33:09 Conscription
34:55 Padded Archer Armor
34:41 Elite Janissary
36:02 Artillery
51:36 Leather Archer Armor
51:12 Fletching
Kurvinek
10:41 Feudal Age
11:21 Double-Bit Axe
11:20 Horse Collar
19:22 Castle Age
18:32 Stone Mining
19:30 Wheelbarrow
20:49 Forging
20:30 Fletching
21:05 Bow Saw
24:24 Hand Cart
24:00 Town Watch
24:36 Gold Mining
26:28 Padded Archer Armor
26:54 Bodkin Arrow
27:46 Heavy Plow
28:52 Iron Casting
29:18 Gold Shaft Mining
30:03 Thumb Ring
35:20 Imperial Age
33:12 Leather Archer Armor
32:57 Scale Mail Armor
34:29 Squires
34:48 Chain Mail Armor
37:16 Conscription
37:01 Torsion Engines
39:37 Halberdier
39:42 Heavy Scorpion
40:19 Elite Shotel Warrior
43:22 Blast Furnace
42:23 Bracer
42:13 Arson
49:08 Plate Mail Armor
Recoom06
1:55 Loom
13:10 Feudal Age
17:10 Castle Age
16:55 Double-Bit Axe
16:53 Horse Collar
26:58 Wheelbarrow
26:10 Town Watch
26:31 Heavy Plow
26:55 Bow Saw
27:28 Heavy Plow
27:52 Gold Mining
31:55 Imperial Age
29:43 Hand Cart
29:34 Town Patrol
31:39 Stone Mining
32:27 Husbandry
32:38 Bloodlines
32:14 Elite Battle Elephant
34:04 Scale Barding Armor
34:09 Forging
35:34 Chain Barding Armor
36:53 Crop Rotation
39:00 Conscription
38:42 Tusk Swords
39:18 Hoardings
39:12 Onager
39:17 Heavy Scorpion
44:46 Plate Barding Armor
44:47 Iron Casting
44:22 Double Crossbow
53:44 Blast Furnace
52:40 Fletching
55:45 Siege Engineers
56:01 Ballistics
56:42 Chemistry
BURKUT
1:02 Loom
11:51 Feudal Age
12:19 Double-Bit Axe
21:54 Castle Age
21:06 Wheelbarrow
26:12 Gold Mining
26:38 Horse Collar
33:44 Imperial Age
T İ T A N
7:25 Loom
11:26 Feudal Age
11:46 Horse Collar
11:56 Double-Bit Axe
18:24 Gold Mining
18:25 Stone Mining
22:01 Castle Age
22:42 Heavy Plow
23:22 Stone Shaft Mining
23:01 Bow Saw
25:53 Wheelbarrow
25:03 Town Watch
25:55 Treadmill Crane
29:26 Imperial Age
28:05 Caravan
28:32 Hand Cart
28:51 Town Patrol
30:45 Crop Rotation
33:20 Forging
33:15 Scale Barding Armor
33:57 Husbandry
34:09 Bloodlines
33:21 Light Cavalry
33:24 Cavalier
34:11 Winged Hussar
37:29 Conscription
37:25 Szlachta Privileges
38:04 Ballistics
37:39 Murder Holes
38:47 Chemistry
37:53 Siege Engineers
40:09 Lechitic Legacy
40:26 Hoardings
40:52 Chain Barding Armor
41:08 Iron Casting
44:06 Masonry
45:00 Blast Furnace
43:53 Fletching
46:08 Sappers
eneseymen8717
0:32 Loom
14:45 Feudal Age
19:50 Castle Age
18:09 Double-Bit Axe
18:26 Horse Collar
21:24 Bow Saw
21:43 Heavy Plow
23:00 Wheelbarrow
27:46 Stone Mining
28:46 Hand Cart
28:35 Gold Mining
29:59 Gold Shaft Mining
29:14 Town Watch
31:52 Stone Shaft Mining
32:11 Caravan
36:19 Imperial Age
34:57 Fletching
38:47 Chemistry
37:53 Siege Engineers
37:45 Murder Holes
38:12 Ballistics
37:59 Double Crossbow
38:20 Conscription
38:03 Tusk Swords
37:24 Elite Ballista Elephant
38:40 Hoardings
39:30 Heavy Scorpion
SeçkinA.
0:27 Loom
11:33 Feudal Age
13:20 Double-Bit Axe
20:09 Castle Age
18:38 Horse Collar
19:05 Gold Mining
19:27 Stone Mining
21:08 Bow Saw
27:00 Wheelbarrow
30:39 Imperial Age
28:46 Heavy Plow
30:00 Gold Shaft Mining
30:06 Hand Cart
31:14 Caravan
31:44 Coinage
32:30 Two-Man Saw
31:38 Padded Archer Armor
31:56 Town Watch
32:56 Leather Archer Armor
32:27 Treadmill Crane
33:49 Chemistry
33:10 Ballistics
32:54 Murder Holes
33:30 Fortified Wall
34:37 Ring Archer Armor
34:00 Fletching
36:55 Yeomen
37:20 Town Patrol
37:24 Elite Longbowman
Connection lost

Rejoining the realm…

Still unreachable

The connection could not be restored.

Session expired

The server has moved on; the page needs a fresh start.